 Dungeon Crawl Stone Soup version 0.18-b1-14-g029dad2 (webtiles) character file.

122 Wooh the Ruffian (level 5, -11/45 HPs)
             Began as a Ghoul Monk on Apr 30, 2016.
             Mangled by an iguana (14 damage)
             ... on level 4 of the Dungeon.
             The game lasted 00:04:36 (1410 turns).

Wooh the Ruffian (Ghoul Monk)                       Turns: 1410, Time: 00:04:36

Health: -11/45     AC:  4    Str: 15    XL:     5   Next: 6%
Magic:  4/4        EV: 13    Int:  5    God:
Gold:   96         SH:  0    Dex: 12    Spells: 0 memorised, 4 levels left

rFire  . . .     SeeInvis .       - Unarmed
rCold  + . .     Gourm    .     a - +0 robe
rNeg   + + +     Faith    .     (no shield)
rPois  ∞         Spirit   .     (no helmet)
rElec  .         Dismiss  .     h - +1 cloak
rCorr  .         Reflect  .     (no gloves)
SustAt .         Harm     .     (no boots)
MR     .....                    (no amulet)
Stlth  ++........               (no ring)
                                (no ring)

@: rotting, not resistant to hostile enchantments, unstealthy
A: rotting body, claws 1, carnivore 3, cold resistance 1, negative energy
resistance 3, slow regeneration 1, torment resistance, unbreathing
a: no special abilities


You were on level 4 of the Dungeon.
You were not hungry.

You visited 1 branch of the dungeon, and saw 3 of its levels.

You collected 96 gold pieces.

Inventory:

Armour
 a - a +0 robe (worn)
 h - a +1 cloak (worn)
Scrolls
 d - a scroll of magic mapping {unknown}
 e - a scroll of fog {unknown}
 f - 2 scrolls of enchant weapon {unknown}
 g - a scroll of noise {unknown}
 j - a scroll of recharging {unknown}
 k - 2 scrolls of teleportation {unknown}
 l - a scroll of amnesia {unknown}
 m - 3 scrolls of identify {unknown}
 n - a scroll of random uselessness {unknown}
Potions
 c - 3 potions of curing {unknown}
 o - a potion of haste {unknown}
Comestibles
 b - 4 meat rations


   Skills:
 - Level 3.2 Fighting
 - Level 2.5 Armour
 * Level 3.3 Dodging
 - Level 2.1 Stealth
 + Level 5.3 Unarmed Combat


You had 4 spell levels left.
You didn't know any spells.

Dungeon Overview and Level Annotations

Branches:
Dungeon (2/15)

Altars:


Innate Abilities, Weirdness & Mutations

Your body is rotting away.
You thrive on raw meat.
You are immune to poison.
You have sharp fingernails.
You are carnivorous and can eat meat at any time.
Your flesh is cold resistant.
You are immune to negative energy.
You regenerate slowly when monsters are visible.
You are immune to unholy pain and torment.
You can survive without breathing.


Message History

The iguana bites you.
Eat which item? (? for menu, Esc to quit)
Okay, then.
You scratch the iguana.
The iguana is moderately wounded.
The iguana closely misses you.
You scratch the iguana.
The iguana is heavily wounded.
The iguana bites you!
* * * LOW HITPOINT WARNING * * *
You scratch the iguana.
The iguana is severely wounded.
The iguana bites you.
* * * LOW HITPOINT WARNING * * *
You scratch the iguana.
The iguana is severely wounded.
You barely miss the iguana.
The iguana is severely wounded.
The iguana bites you!
You die...

#.###.#.#### #.
#####........... #.
#.....###.#.####
.##.###..##.# !.#.#
#......
#.#.###..##...
#.#>.........O.
#.##.###...........
#....l@..#.####.....
####.#####.# #. #.
.. ##


You could see an iguana.

Vanquished Creatures
  A giant frog skeleton (D:4)
  An iguana (D:4)
  2 adders (D:2)
  2 giant geckos (D:1)
  3 giant cockroaches (D:1)
  8 goblins
  7 hobgoblins
  7 jackals (D:1)
  4 bats (D:1)
  5 kobolds
  3 rats (D:1)
43 creatures vanquished.

Notes
Turn   | Place    | Note
--------------------------------------------------------------
     0 | D:1      | Wooh the Ghoul Monk began the quest for the Orb.
     0 | D:1      | Reached XP level 1. HP: 19/19 MP: 0/0
   162 | D:1      | Reached XP level 2. HP: 20/26 MP: 1/1
   170 | D:1      | Reached skill level 1 in Armour
   535 | D:1      | Reached XP level 3. HP: 28/31 MP: 2/2
   857 | D:2      | Reached skill level 5 in Unarmed Combat
   919 | D:2      | Reached XP level 4. HP: 38/38 MP: 3/3
  1244 | D:2      | You fall through a shaft for 2 floors!
  1258 | D:4      | Noticed an ogre
  1272 | D:4      | Reached XP level 5. HP: 18/44 MP: 4/4
  1407 | D:4      | HP: 2/45 [iguana (2)]
  1410 | D:4      | Mangled by an iguana

Skill      XL: |  1  2  3  4 |
---------------+-------------+-----
Armour         | 1 2 |  2.5
Unarmed Combat | 5 |  5.3
Dodging        | 3 |  3.3
Fighting       | |  3.2
Stealth        | |  2.1

Action                   |  1- 3 |  4- 6 || total
-------------------------+-------+-------++-------
Melee: Unarmed           |    93 |    49 ||   142
       Punch             |     1 |       ||     1
 Stab: Sleeping          |     3 |       ||     3
  Eat: Chunk             |     6 |     2 ||     8
Armor: Robe              |    23 |     7 ||    30
Dodge: Dodged            |    52 |    22 ||    74
